 Dungeon Crawl Stone Soup version 0.27.1-37-g7b29ead8ac (webtiles) character file.

Game seed: 8461578162127738481

18371 Cape the Cleaver (level 12, -16/112 HPs)
             Began as a Minotaur Berserker on Feb 23, 2023.
             Was a High Priest of Trog.
             Demolished by a death yak (18 damage)
             ... on level 5 of the Lair of Beasts.
             The game lasted 00:39:44 (14377 turns).

Cape the Cleaver (Minotaur Berserker)              Turns: 14377, Time: 00:39:44

Health: -16/112    AC: 24    Str: 31    XL:     12   Next: 27%
Magic:  0/11       EV:  9    Int:  4    God:    Trog [*****.]
Gold:   800        SH:  4    Dex: 12    Spells: 11/11 levels left

rFire    . . .     SeeInvis .   a - +4 hand axe
rCold    . . .     Faith    .   C - +0 buckler {AC+3}
rNeg     . . .     Spirit   +   B - +4 chain mail
rPois    +         Reflect  .   (helmet restricted)
rElec    .         Harm     .   A - +2 cloak {Will+}
rCorr    .         Rampage  .   E - +0 pair of gloves
Will     +....                  (no boots)
Stlth    ..........             z - amulet of guardian spirit
HPRegen  0.28/turn              w - +6 ring of strength
MPRegen  0.12/turn              y - ring of poison resistance

@: hasted and slowed
A: horns 2, retaliatory headbutt
a: Renounce Religion, Berserk, Trog's Hand, Brothers in Arms


You were on level 5 of the Lair of Beasts.
You worshipped Trog.
Trog was extremely pleased with you.
You visited 2 branches of the dungeon, and saw 14 of its levels.
You also visited: Ossuary.

You collected 800 gold pieces.

Inventory:

Hand Weapons
 a - a +4 hand axe (weapon)
 b - a +0 hunting sling
 k - a +2 flail of draining
 F - a +5 dire flail
 G - a +0 war axe
 S - a +0 double sword
Missiles
 f - 50 poisoned darts
 l - 136 sling bullets
 J - 2 throwing nets
 O - 4 curare-tipped darts (quivered)
Armour
 A - a +2 cloak of willpower (worn)
 B - a +4 chain mail (worn)
 C - a +0 buckler of protection (worn)
 E - a +0 pair of gloves (worn)
Jewellery
 w - a +6 ring of strength (left hand)
 y - a ring of poison resistance (right hand)
 z - an amulet of guardian spirit (around neck)
 K - a ring of resist corrosion
Wands
 j - a wand of polymorph (4)
 o - a wand of flame (74)
 N - a wand of paralysis (11)
Scrolls
 g - 2 scrolls of holy word
 h - 2 scrolls of vulnerability
 i - 5 scrolls of magic mapping
 n - a scroll of immolation
 p - a scroll of brand weapon {unknown}
 s - 3 scrolls of noise
 t - 2 scrolls of fog
 u - a scroll of fear
 x - 6 scrolls of teleportation
 I - a scroll of torment
 P - a scroll of blinking {unknown}
 Q - a scroll of identify
 R - a scroll of silence {unknown}
Potions
 c - a potion of haste
 d - 2 potions of cancellation
 e - 2 potions of curing
 m - 2 potions of attraction
 q - a potion of resistance
 r - 2 potions of ambrosia
 v - 4 potions of lignification
 D - 2 potions of heal wounds
 H - 3 potions of mutation
 L - a potion of flight {unknown}
 M - a potion of might


   Skills:
 + Level 12.1 Fighting
 * Level 14.5 Axes
 + Level 11.9 Armour
 - Level 2.1 Dodging
 + Level 2.7 Shields
 + Level 7.2 Evocations


You had 11 spell levels left.
You didn't know any spells.
Your spell library was empty.

Dungeon Overview and Level Annotations

Branches:
Dungeon (10/15)            Temple (0/1) D:7            Lair (3/6) D:10
Ossuary (visited)
  Swamp: Lair:2-4    Shoals: Lair:2-4     Snake: Lair:2-4    Spider: Lair:2-4
    Orc: D:9-12

Altars:
Okawaru
Yredelemnul

Annotations:
Lair:3 exclusion: 2 oklob plants


Innate Abilities, Weirdness & Mutations

You have a pair of horns on your head.
You reflexively headbutt those who attack you in melee.


Message History

You furiously retaliate!
You headbutt the komodo dragon!
Your skin stops crawling.
You feel less strong-willed.
The death yak bellows!
A death yak comes into view.
The cane toad barely misses you.
The dream sheep ruffle their wool and motes of dream dust sparkle, to no effect.
You block the dream sheep's attack. The cane toad stings you.
The death yak closely misses you. The komodo dragon bites you.
The dream sheep ruffle their wool and motes of dream dust sparkle, to no effect. x2
The death yak gores you but does no damage.
The death yak barely misses you.
The cane toad stings you but does no damage.
The death yak misses you.
The death yak gores you but does no damage.
The dream sheep shake their wool and sparkle.
You feel drowsy...
You fall asleep.
The death yak barely misses you. The komodo dragon barely misses you.
The death yak closely misses you. The dream sheep bites you!
You wake up.
You block the death yak's attack.
The komodo dragon completely misses you.
The death yak barely misses you. You furiously retaliate!
You headbutt the death yak!
Found a stone staircase leading up.
You block the dream sheep's attack. The dream sheep bites you.
Okay, then.
Okay, then.
Okay, then.
Okay, then.
You feel yourself speed up.
The wyvern hisses menacingly.
The komodo dragon bites you but does no damage.
You block the death yak's attack. The death yak gores you!
The dream sheep shake their wool and sparkle.
You feel drowsy...
You fall asleep.
The death yak gores you!!!
You wake up.
* * * LOW HITPOINT WARNING * * *
The komodo dragon bites you but does no damage.
The death yak gores you!!
You die...

,,,,,,,,,,,,,,,,,,........#...#.#
****,,,,,..,,,,.......PP.........
**,,,,...,,,#........>........
**,,,,....,*,#................
*,,*,,....#,##....P...........
**,,,,,.....##................. *
*,,,,,,......#.................
***,,,,,,.......Ylw..............
,,,,<,,,,.......@YFY.............
,,,,,,,,,......YYYl.....PP.......
,,,,,,,,,.......YF......#........
,,,,,,,,,........................
,,,,,,,,,<.......................
,,,,,,,,,.....#P.................
,,,,,,,,,.....PP.................
,,,,,,,,,....P..................,
,,,,,,,,,,,,,................,,,,


You could see 5 death yaks, a torpor snail, a komodo dragon, 2 cane toads, a
wyvern and 2 dream sheep.

Vanquished Creatures
  Snorg (D:10)
  2 hydras (Lair:1)
  A two-headed ogre (D:9)
  3 death yaks (Lair:3)
  Sonja (D:10)
  Nergalle (Lair:1)
  A black mamba (Lair:1)
  4 cane toads
  A rime drake (Lair:1)
  2 komodo dragons
  3 trolls (D:9)
  A wraith (D:8)
  A wyvern (D:8)
  26 yaks
  2 shadows (D:10)
  A basilisk (Lair:3)
  Menkaure (D:4)
  A steam dragon (D:6)
  An acid dragon (D:10)
  5 water moccasins
  2 ice beasts
  5 black bears
  2 orc warriors
  A necrophage (D:5)
  4 wolves (Lair:3)
  3 centaurs
  A kobold brigand (D:9)
  An elf zombie (Ossuary)
  3 gnoll sergeants
  11 bullfrogs
  3 scorpions
  6 killer bees (D:9)
  A water moccasin skeleton (D:4)
  10 wights
  A howler monkey (D:5)
  3 centaur zombies (Ossuary)
  A human zombie (Ossuary)
  3 jellies
  4 hounds
  A centaur skeleton (D:7)
  2 orc priests (D:10)
  Crazy Yiuf (D:4)
  An iguana (D:5)
  Natasha (thrice) (D:3)
  3 orc wizards
  2 hound zombies (Ossuary)
  3 hound skeletons
  A howler monkey zombie (D:8)
  3 mummies (Ossuary)
  Robin (D:4)
  11 gnolls
  12 adders
  A howler monkey skeleton (D:7)
  2 dart slugs
  17 orcs
  4 ball pythons
  11 bats
  10 endoplasms
  6 giant cockroaches
  27 goblins
  10 hobgoblins
  3 jackals (D:1)
  13 kobolds
  6 quokkas
  6 frilled lizards
  A gnoll zombie (Ossuary)
  3 goblin zombies (Ossuary)
  6 hobgoblin zombies (Ossuary)
  2 jackal zombies (Ossuary)
  5 kobold zombies (Ossuary)
  2 orc zombies (Ossuary)
  5 quokka zombies (Ossuary)
  4 rats
  5 rat zombies (Ossuary)
317 creatures vanquished.

Vanquished Creatures (others)
  21 fungi
  21 plants
42 creatures vanquished.

Grand Total: 359 creatures vanquished

Notes
Turn   | Place    | Note
-------+----------+-------------------------------------------
     0 | D:1      | Cape the Minotaur Berserker began the quest for the Orb.
     0 | D:1      | Reached XP level 1. HP: 19/19 MP: 0/0
   150 | D:1      | Reached skill level 4 in Axes
   163 | D:1      | Reached XP level 2. HP: 27/27 MP: 1/1
   668 | D:1      | Reached XP level 3. HP: 33/33 MP: 2/2
   669 | D:1      | Reached ** piety under Trog
  1025 | D:1      | Found a faded altar of an unknown god.
  1430 | D:2      | Found a basalt altar of Yredelemnul.
  1719 | D:2      | Reached skill level 5 in Axes
  1719 | D:2      | Reached XP level 4. HP: 39/41 MP: 3/3
  2489 | D:3      | Noticed Natasha
  2497 | D:3      | Killed Natasha
  2501 | D:3      | Reached XP level 5. HP: 30/47 MP: 4/4
  2504 | D:3      | Noticed Natasha
  2530 | D:3      | Killed Natasha
  2798 | D:3      | Noticed Natasha
  2804 | D:3      | Killed Natasha
  2805 | D:3      | Reached skill level 6 in Axes
  3213 | D:3      | Reached skill level 5 in Fighting
  3408 | D:4      | Noticed Robin
  3414 | D:4      | Reached *** piety under Trog
  3422 | D:4      | Killed Robin
  3443 | D:4      | HP: 2/48 [hobgoblin[Robin] (4)]
  3444 | D:4      | Reached XP level 6. HP: 3/56 MP: 5/5
  3645 | D:4      | Found a sand-covered staircase.
  3654 | Ossuary  | Entered an ossuary
  4033 | Ossuary  | Reached **** piety under Trog
  4131 | Ossuary  | Reached skill level 7 in Axes
  4149 | Ossuary  | Reached XP level 7. HP: 47/62 MP: 6/6
  4312 | Ossuary  | Reached skill level 5 in Armour
  4537 | D:4      | Noticed Menkaure
  4549 | D:4      | Killed Menkaure
  4710 | D:4      | Reached skill level 8 in Axes
  4760 | D:4      | Found a runed translucent door.
  4761 | D:4      | Noticed Crazy Yiuf
  5343 | D:4      | Killed Crazy Yiuf
  5427 | D:5      | Entered Level 5 of the Dungeon
  5707 | D:5      | Reached XP level 8. HP: 61/71 MP: 7/7
  6029 | D:5      | Reached skill level 9 in Axes
  6705 | D:6      | Reached skill level 10 in Axes
  7038 | D:6      | Noticed a troll
  7039 | D:6      | Noticed a cyclops
  7232 | D:7      | Found an iron altar of Okawaru.
  7441 | D:7      | Reached XP level 9. HP: 81/81 MP: 8/8
  7481 | D:7      | Found a staircase to the Ecumenical Temple.
  7582 | D:7      | Reached skill level 1 in Evocations
  8128 | D:8      | Reached skill level 11 in Axes
  8173 | D:8      | Reached ***** piety under Trog
  8914 | D:9      | Noticed a troll
  8914 | D:9      | Noticed a two-headed ogre
  8918 | D:9      | Killed a troll
  8919 | D:9      | Reached skill level 12 in Axes
  8921 | D:9      | Killed a two-headed ogre
  8922 | D:9      | Reached XP level 10. HP: 91/91 MP: 7/9
  9958 | D:9      | Reached skill level 13 in Axes
 10078 | D:10     | Entered Level 10 of the Dungeon
 10095 | D:9      | Received a gift from Trog
 10099 | D:9      | Reached skill level 10 in Fighting
 10282 | D:10     | Reached XP level 11. HP: 81/100 MP: 5/10
 10285 | D:10     | Reached skill level 5 in Evocations
 10482 | D:10     | Reached skill level 10 in Armour
 10616 | D:10     | Found a staircase to the Lair.
 10858 | D:10     | Noticed Snorg
 10880 | D:10     | Noticed Sonja
 10891 | D:10     | Killed Snorg
 10912 | D:10     | Killed Sonja
 10913 | D:10     | Reached skill level 14 in Axes
 11623 | Lair:1   | Entered Level 1 of the Lair of Beasts
 12077 | Lair:1   | Noticed a six-headed hydra
 12088 | Lair:1   | Killed a six-headed hydra
 12351 | Lair:1   | Noticed Nergalle
 12362 | Lair:1   | Noticed a spectral orc warlord
 12386 | Lair:1   | Killed Nergalle
 12475 | Lair:1   | Noticed a six-headed hydra
 12483 | Lair:1   | Killed a six-headed hydra
 13212 | Lair:2   | Found the +2 cloak of the Thief {*Fog Slay-2 SInv Stlth+}
 13543 | Lair:2   | Identified the +1 ring mail of Moac {*Slow rElec Int+6}
 13786 | Lair:3   | Noticed a death yak
 13788 | Lair:3   | Noticed a death yak
 13791 | Lair:3   | Noticed a death yak
 13795 | Lair:3   | Reached skill level 1 in Shields
 13812 | Lair:3   | Killed a death yak
 13812 | Lair:3   | Killed a death yak
 13813 | Lair:3   | Reached XP level 12. HP: 72/112 MP: 5/11
 13813 | Lair:3   | Killed a death yak
 14359 | Lair:3   | You fall into a shaft and drop 2 floors!
 14366 | Lair:5   | Noticed a death yak
 14367 | Lair:5   | Noticed a death yak
 14369 | Lair:5   | Noticed a death yak
 14369 | Lair:5   | Noticed a death yak
 14370 | Lair:5   | Noticed a death yak
 14377 | Lair:5   | HP: 2/112 [death yak (35)]
 14377 | Lair:5   | Demolished by a death yak

Illustrated notes

Levels and vault maps discovered:
D:1:      saegor_arrival_simple_b, layout_basic,
          chequers_ecumenical_altar_grove, hangedman_decor_clover_reticule,
          nrook_loot_triangle, minmay_tromino_mix6
D:2:      layout_loops_cross, basic_altar, minivault_14,
          kennysheep_generic_room_4
D:3:      layout_loops_ring, serial_park_tiny_1, uniq_natasha
D:4:      layout_cave_pools, nicolae_ossuary_entry_ruins, uniq_menkaure,
          uniq_crazy_yiuf_cottage, uniq_robin
D:5:      layout_basic
D:6:      layout_rooms, hangedman_decor_push, lightli_corner_chamber
D:7:      layout_basic, okawaru_gym_becter, minmay_temple_entry_from_below_a
D:8:      layout_gridville
D:9:      layout_loops_corners
D:10:     layout_cave_pods, due_lair_maze_entry_diamond, uniq_sonja, uniq_snorg
Lair:1:   layout_chaotic_city, beast_lair_carwin_2, uniq_nergalle
Lair:2:   layout_gridlike, roderic_batcave
Lair:3:   layout_layer_cave, elwin_shoals_entry_rocks, lemuel_old_faithful,
          serial_bayou_shore_a, serial_bayou_shore_b, minmay_lair_oklob_chamber
Lair:5:   layout_gridlike

Skill      XL: |  1  2  3  4  5  6  7  8  9 10 11 12 |
---------------+-------------------------------------+-----
Axes           | 4 5 6 7 8 10 12 13 14 | 14.5
Fighting       | 4 5 6 8 9 10 11 12 | 12.1
Armour         | 3 4 6 7 8 9 11 | 11.9
Evocations     | 3 4 7 |  7.2
Shields        | 1 2 |  2.7
Dodging        | |  2.1

Action                   |  1- 3 |  4- 6 |  7- 9 | 10-12 || total
-------------------------+-------+-------+-------+-------++-------
Melee: Hand axe          |    91 |   196 |    96 |   369 ||   752
       Headbutt          |    11 |    27 |    66 |    94 ||   198
       War axe           |       |       |   144 |       ||   144
       Flail             |       |       |       |    10 ||    10
 Fire: Hunting sling     |     2 |     9 |    48 |    18 ||    77
Throw: Dart              |       |       |       |     4 ||     4
Invok: Berserk           |       |     3 |     2 |     7 ||    12
       Trog's Hand       |       |     1 |     2 |     2 ||     5
Evoke: Wand              |       |       |       |     5 ||     5
  Use: Scroll            |     3 |     4 |     8 |     9 ||    24
       Potion            |       |     1 |       |     1 ||     2
 Stab: Sleeping          |       |     2 |       |       ||     2
Armor: Animal skin       |    15 |    33 |     5 |       ||    53
       Chain mail        |       |       |   118 |   243 ||   361
Dodge: Dodged            |    70 |   134 |    87 |   150 ||   441
Block: Buckler           |       |       |    16 |    59 ||    75
